AoeStats
← Myth

Lombardia

510220549Analyzed
4v4 RM · 2d ago on Sep 30, 2026· 64m 44s· 8 players
Game mode
Random Map
Map size
Large (8 player)
Population
200
Speed
Normal
Resources
Standard
Victory
Conquest
Starting age
Dark Age
Ending age
Imperial Age
RankedLock teamsTeams togetherTeam positionsShared explorationLock speedFull tech treeHidden civsTurbo modeCheats
Victory
Defeat
🇺🇸 Khmer · United States
1234
+15
🇺🇸 Bohemians · United States
1178
+17
🇨🇳 Mongols · China
1170
+18
🇺🇾 Aztecs · Uruguay
1131
+20
🇺🇸 Saracens · United States
1240
-19
🇺🇸 Armenians · United States
1231
-18
🇺🇸 Burmese · United States
1187
-17
🇺🇸 Lithuanians · United States
1183
-16
AquilaMaximus
11:06 Feudal Age
13:27 Loom
16:05 Castle Age
14:42 Double-Bit Axe
16:33 Forging
16:16 Light Cavalry
16:55 Horse Collar
20:13 Wheelbarrow
19:48 Husbandry
22:49 Bloodlines
24:42 Iron Casting
24:58 Scale Barding Armor
26:52 Heavy Plow
27:35 Hand Cart
27:42 Bow Saw
32:56 Imperial Age
30:32 Gold Mining
31:38 Chain Barding Armor
34:10 Gold Shaft Mining
34:24 Conscription
34:25 Caravan
38:18 Blast Furnace
37:53 Plate Barding Armor
38:35 Fortified Wall
39:27 Ballistics
40:19 Elite Battle Elephant
41:22 Hussar
43:16 Double Crossbow
44:45 Chemistry
45:53 Tusk Swords
46:58 Heavy Scorpion
48:59 Siege Engineers
50:51 Masonry
50:36 Murder Holes
52:28 Coinage
53:41 Architecture
53:04 Fletching
54:40 Banking
61:09 Stone Mining
64:25 Hoardings
Myth
7:16 Loom
9:21 Feudal Age
10:35 Double-Bit Axe
11:03 Horse Collar
14:08 Forging
15:04 Wheelbarrow
15:38 Scale Barding Armor
16:27 Gold Mining
17:37 Bloodlines
22:04 Castle Age
22:57 Bow Saw
22:50 Heavy Plow
23:24 Hand Cart
23:24 Town Watch
23:38 Stone Mining
25:16 Stone Shaft Mining
29:07 Gold Shaft Mining
35:09 Imperial Age
33:17 Chain Barding Armor
33:34 Iron Casting
33:16 Town Patrol
33:24 Husbandry
35:13 Coinage
35:21 Fletching
35:54 Ballistics
35:30 Murder Holes
35:46 Masonry
37:08 Blast Furnace
35:31 Light Cavalry
36:31 Bodkin Arrow
38:18 Chemistry
36:58 Hussar
37:55 Padded Archer Armor
38:03 Siege Engineers
38:23 Conscription
38:31 Bracer
38:56 Drill
39:36 Hoardings
39:26 Leather Archer Armor
39:11 Heavy Camel Rider
39:31 Elite Mangudai
41:15 Fortified Wall
58:33 Banking
64:20 Capped Ram
kingKIRK
11:43 Feudal Age
15:33 Castle Age
13:21 Double-Bit Axe
13:18 Horse Collar
17:14 Bow Saw
17:07 Heavy Plow
20:45 Fervor
21:03 Sanctity
22:28 Wheelbarrow
24:01 Hand Cart
25:10 Fletching
26:11 Loom
26:11 Town Watch
29:30 Imperial Age
26:25 Pikeman
27:10 Scale Mail Armor
27:46 Squires
28:00 Forging
27:46 Bodkin Arrow
28:11 Chain Mail Armor
29:22 Iron Casting
29:29 Arson
30:52 Chemistry
30:13 Ballistics
30:04 Masonry
29:50 Murder Holes
31:14 Conscription
31:27 Wagenburg Tactics
33:34 Two-Man Saw
32:05 Halberdier
34:02 Caravan
35:20 Houfnice
37:06 Guilds
37:39 Plate Mail Armor
38:09 Blast Furnace
39:41 Bracer
Kroyen
11:02 Feudal Age
14:29 Castle Age
12:53 Double-Bit Axe
14:51 Horse Collar
17:22 Loom
22:46 Wheelbarrow
21:56 Town Watch
27:52 Imperial Age
25:26 Scale Mail Armor
25:36 Forging
27:02 Chain Mail Armor
26:09 Eagle Warrior
26:35 Arson
26:52 Squires
26:37 Gambesons
27:42 Heavy Plow
27:33 Gold Mining
27:54 Bow Saw
27:35 Stone Mining
29:40 Hand Cart
29:26 Town Patrol
29:08 Elite Eagle Warrior
31:55 Plate Mail Armor
32:00 Iron Casting
33:15 Crop Rotation
33:21 Gold Shaft Mining
33:22 Stone Shaft Mining
33:35 Iron Casting
36:54 Blast Furnace
36:06 Caravan
41:11 Garland Wars
41:21 Conscription
50:14 Fletching
51:00 Ballistics
51:41 Chemistry
50:27 Pikeman
63:31 Bodkin Arrow
IdleCylinder564
0:32 Loom
2:13 Loom
2:32 Loom
3:19 Loom
3:40 Loom
11:26 Feudal Age
12:06 Double-Bit Axe
12:05 Horse Collar
13:37 Wheelbarrow
19:43 Castle Age
18:46 Forging
20:35 Bow Saw
20:27 Heavy Plow
22:21 Hand Cart
24:13 Scale Barding Armor
24:39 Bloodlines
38:08 Imperial Age
37:27 Iron Casting
37:14 Chain Barding Armor
37:07 Husbandry
36:28 Light Cavalry
40:21 Crop Rotation
40:41 Plate Barding Armor
39:33 Winged Hussar
42:44 Tower Shields
42:15 Pikeman
42:43 Arson
42:59 Squires
44:32 Two-Man Saw
44:25 Halberdier
45:11 Scale Mail Armor
46:19 Chain Mail Armor
ClankyDolphin92
9:25 Loom
11:30 Feudal Age
13:37 Wheelbarrow
17:28 Castle Age
16:50 Horse Collar
22:36 Heavy Plow
23:40 Scale Barding Armor
25:07 Forging
27:40 Hand Cart
29:55 Gold Mining
32:42 Chain Barding Armor
33:04 Iron Casting
32:21 Fletching
36:26 Imperial Age
34:24 Town Watch
36:57 Ballistics
36:42 Husbandry
36:55 Bloodlines
36:48 Padded Archer Armor
38:14 Chemistry
36:47 Light Cavalry
37:29 Bodkin Arrow
38:30 Plate Barding Armor
38:18 Conscription
39:27 Elite Arambai
40:55 Manipur Cavalry
41:41 Hussar
43:57 Blast Furnace
46:07 Caravan
46:53 Parthian Tactics
56:42 Cavalier
SnakyPringle
7:39 Loom
10:09 Feudal Age
15:29 Castle Age
14:08 Double-Bit Axe
20:21 Bow Saw
20:03 Horse Collar
27:34 Husbandry
27:49 Heavy Plow
28:40 Gold Mining
29:42 Scale Barding Armor
30:38 Wheelbarrow
30:44 Bloodlines
36:20 Imperial Age
35:04 Gold Shaft Mining
34:20 Stone Mining
35:15 Forging
35:27 Chain Barding Armor
34:58 Fletching
35:03 Light Cavalry
37:42 Iron Casting
37:43 Plate Barding Armor
36:44 Heavy Camel Rider
37:39 Caravan
38:39 Hussar
40:46 Conscription
40:41 Elite Mameluke
42:33 Blast Furnace
42:07 Capped Ram
44:19 Siege Ram
TamerCaribou922
10:56 Feudal Age
13:42 Loom
16:03 Castle Age
15:38 Double-Bit Axe
18:51 Horse Collar
27:24 Gold Mining
27:58 Bow Saw
29:02 Wheelbarrow
33:08 Imperial Age
30:55 Fletching
31:15 Treadmill Crane
31:49 Bodkin Arrow
31:26 Pikeman
32:09 Padded Archer Armor
32:09 Scale Mail Armor
32:41 Squires
33:30 Ballistics
33:50 Bracer
35:00 Chemistry
35:51 Squires
37:24 Leather Archer Armor
37:26 Chain Mail Armor
37:21 Forging
37:17 Scale Barding Armor
37:50 Elite Composite Bowman
39:52 Light Cavalry
40:43 Bloodlines
40:34 Husbandry
41:28 Conscription
48:45 Man-at-Arms
49:35 Fereters
50:25 Plate Mail Armor
50:31 Iron Casting
49:50 Long Swordsman
50:17 Gambesons
50:21 Two-Handed Swordsman
51:14 Champion
55:41 Capped Ram
Connection lost

Rejoining the realm…

Still unreachable

The connection could not be restored.

Session expired

The server has moved on; the page needs a fresh start.